 Dungeon Crawl Stone Soup version 0.28-a0-664-gc179e30c89 (webtiles) character file.

Game seed: 11068111290311782800

11 junebug69 the Skirmisher (level 2, -1/27 HPs)
             Began as a Hill Orc Fighter on Oct 15, 2021.
             Slain by a goblin (2 damage)
             ... on level 1 of the Dungeon.
             The game lasted 00:05:23 (512 turns).

junebug69 the Skirmisher (Hill Orc Fighter)          Turns: 512, Time: 00:05:24

Health: -1/27      AC:  2    Str: 18    XL:     2   Next: 25%
Magic:  2/2        EV: 11    Int:  8    God:
Gold:   10         SH:  4    Dex: 10    Spells: 1/1 levels left

rFire   . . .      SeeInvis .   a - +0 long sword
rCold   . . .      Faith    .   c - +0 buckler
rNeg    . . .      Spirit   .   e - +0 robe
rPois   .          Reflect  .   (no helmet)
rElec   .          Harm     .   (no cloak)
rCorr   .          Rampage  .   (no gloves)
Will    .....                   (no boots)
Stlth   +.........              (no amulet)
HPRegen 0.09/turn               (no ring)
MPRegen 0.08/turn               (no ring)

@: mighty
A: no striking features
a: no special abilities


You were on level 1 of the Dungeon.
You visited 1 branch of the dungeon, and saw 2 of its levels.

You collected 10 gold pieces.

Inventory:

Hand Weapons
 a - a +0 long sword (weapon)
 f - a +0 dagger
Missiles
 d - 21 stones (quivered)
Armour
 b - a +0 scale mail
 c - a +0 buckler (worn)
 e - a +0 robe (worn)
Scrolls
 h - a scroll of holy word {unknown}
Potions
 g - a potion of degeneration {unknown}


   Skills:
 + Level 3.8 Fighting
 + Level 2.3 Long Blades
 + Level 3.5 Armour
 + Level 3.5 Shields


You had one spell level left.
You didn't know any spells.
Your spell library was empty.

Dungeon Overview and Level Annotations

Branches:
Dungeon (2/15)

Altars:


Message History

The hobgoblin shouts!
You are too injured to fight recklessly!
You are too injured to fight recklessly!
You are too injured to fight recklessly!
You are too injured to fight recklessly!
You are too injured to fight recklessly!
You are too injured to fight recklessly!
You are too injured to fight recklessly!
You are too injured to fight recklessly!
You are too injured to fight recklessly!
You are too injured to fight recklessly!
You are too injured to fight recklessly!
The goblin hits you with a +0 dagger.
* * * LOW HITPOINT WARNING * * *
You closely miss the goblin. The goblin closely misses you.
You are too injured to fight recklessly!
You are too injured to fight recklessly!
You are too injured to fight recklessly!
You are too injured to fight recklessly!
You are too injured to fight recklessly!
You are too injured to fight recklessly!
There are monsters nearby!
The goblin hits you with a +0 dagger.
* * * LOW HITPOINT WARNING * * *
You are too injured to fight recklessly!
You are too injured to fight recklessly!
You are too injured to fight recklessly!
You are too injured to fight recklessly!
You are too injured to fight recklessly!
You are too injured to fight recklessly!
You are too injured to fight recklessly!
The hobgoblin barely misses you. The hobgoblin barely misses you.
The goblin hits you with a +0 dagger.
* * * LOW HITPOINT WARNING * * *
The hobgoblin barely misses you. The goblin closely misses you.
There is a stone staircase leading down here.
The goblin hits you with a +0 dagger.
You die...

#.....####.
##.#.### #.....#
#.....### #.......#
#.....#.# #.....#g#
#...###g#.# #.###
#@#.# #.# #.#.# #.#
#.#.# #.# #...# #.#
#..## #.# #..# ##
#.# #..#######...
#.#####..........##
#.................#


You could see a hobgoblin and a goblin.

Vanquished Creatures
  A worm (D:2)
  2 giant cockroaches (D:1)
  A hobgoblin (D:1)
  2 kobolds (D:1)
  A ball python (D:1)
  A rat (D:1)
8 creatures vanquished.

Notes
Turn   | Place    | Note
-------+----------+-------------------------------------------
     0 | D:1      | junebug69 the Hill Orc Fighter began the quest for the Orb.
     0 | D:1      | Reached XP level 1. HP: 19/19 MP: 1/1
   433 | D:2      | Reached XP level 2. HP: 4/27 MP: 2/2
   505 | D:1      | HP: 1/27 [goblin (2)]
   512 | D:1      | Slain by a goblin

Illustrated notes

Levels and vault maps discovered:
D:1:      co_arrival_random_square_maze, layout_loops_ring, supply_closet_lemuel
D:2:      layout_loops_ring, ebering_ecumenical_altar_abandoned

Action                   || total
-------------------------++-------
Melee: Long sword        ||    27
  Use: Potion            ||     1
Armor: Scale mail        ||     8
Dodge: Dodged            ||    12
Block: Buckler           ||     4

Table legend: (Time is in decaauts)
 A = Elapsed time spent in this place.
 B = Non-inter-level travel time spent in this place.
 C = Inter-level travel time spent in this place.
 D = Time resting spent in this place.
 E = Time spent auto-exploring this place.
 F = Levels seen in this place.
 G = Mean time per level.
                   A        B        C        D        E       F      G
               +--------+--------+--------+--------+--------+-----+--------+
         Total |    520 |    436 |     84 |      0 |     95 |   2 |  260.0 |
       Dungeon |    520 |    436 |     84 |      0 |     95 |   2 |  260.0 |
               +--------+--------+--------+--------+--------+-----+--------+

Top non-repeatable levels by time:
     D:1: 464 daAuts
     D:2: 55 daAuts
